 Dungeon Crawl Stone Soup version 0.28.0-53-g5a82cb258f (console) character file.

Game seed: 3883690932228362621

282 erker the Digger (level 6, -2/36 HPs)
             Began as an Octopode Earth Elementalist on July 10, 2022.
             Succumbed to a scorpion's poison
             ... on level 4 of the Dungeon.
             The game lasted 00:12:27 (3802 turns).

erker the Digger (Octopode Earth Elementalist)      Turns: 3802, Time: 00:12:28

Health: -2/36      AC:  1    Str:  6 (7)  XL:     6   Next: 28%
Magic:  9/9        EV: 13    Int: 16 (19) God:
Gold:   231        SH:  0    Dex: 17 (19) Spells: 8/9 levels left

rFire   . . .      SeeInvis .   a - +0 dagger (elec)
rCold   . . .      Faith    .   (no shield)
rNeg    . . .      Spirit   .   (helmet restricted)
rPois   .          Reflect  .   u - amulet of magic regeneration
rElec   .          Harm     .   h - +6 ring of dexterity
rCorr   .          Rampage  .   (no ring)
Will    .....                   (no ring)
Stlth   ++++......              (no ring)
HPRegen 0.12/turn               (no ring)
MPRegen 0.51/turn               (no ring)
                                (no ring)
                                (no ring)

@: lethally poisoned (-2 -> -18)
A: almost no armour, amphibious, 8 rings, camouflage 1, gelatinous body 1,
(nimble swimmer 1), tentacles
a: no special abilities


You were on level 4 of the Dungeon.
You visited 1 branch of the dungeon, and saw 4 of its levels.
You also visited: Sewer.

You collected 231 gold pieces.

Inventory:

Hand Weapons
 a - a +0 dagger of electrocution (weapon)
 g - a +2 dagger of speed
 w - a +0 hunting sling
Missiles
 b - 71 stones
 j - 6 poisoned darts (quivered)
 l - a throwing net
 r - 66 arrows
Jewellery
 h - a +6 ring of dexterity (left tentacle)
 u - an amulet of magic regeneration (around mantle)
Scrolls
 c - a scroll of immolation {unknown}
 e - a scroll of amnesia {unknown}
 f - a scroll of vulnerability {unknown}
 k - 4 scrolls of teleportation
 n - a scroll of fear {unknown}
 o - a scroll of summoning {unknown}
 p - a scroll of enchant weapon {unknown}
 v - a scroll of identify {unknown}
Potions
 d - a potion of heal wounds {unknown}
 m - a potion of berserk rage {unknown}
 q - a potion of brilliance {unknown}
 t - 4 potions of flight
 x - a potion of resistance {unknown}


   Skills:
 - Level 2.0 Short Blades
 - Level 2.0 Dodging
 - Level 4.0 Stealth
 - Level 2.0 Spellcasting
 - Level 4.0 Transmutations
 + Level 4.5 Earth Magic


You had 8 spell levels left.
You knew the following spells:

 Your Spells              Type           Power      Damage    Failure   Level
a - Sandblast             Erth           32%        2d9       3%          1

Your spell library contained the following spells:

 Spells                   Type           Power      Damage    Failure   Level
 Passwall                 Tmut/Erth      12%        N/A       5%          2
 Stone Arrow              Conj/Erth      16%        3d8       24%         3
 Petrify                  Tmut/Erth      15%        N/A       34%         4


Dungeon Overview and Level Annotations

Branches:
Dungeon (4/15)             Temple (0/1) D:4           Sewer (visited)

Altars:

Annotations:
D:3 1 exclusion


Innate Abilities, Weirdness & Mutations

You cannot wear most types of armour.
You are amphibious.
You can wear up to eight rings at the same time.
Your skin changes colour to match your surroundings (Stealth+).
Your rubbery body absorbs attacks. (AC +1, EV +1)
((You are camouflaged when in or above water. (Stealth+)))
You have tentacles for arms and can constrict up to eight enemies at once.


Message History

You constrict the scorpion, but do no damage.
You feel very sick. The scorpion closely misses you.
You hit the scorpion but do no damage. You squeeze the scorpion.
The scorpion is moderately wounded.
You constrict the scorpion, but do no damage.
* * * LOW HITPOINT WARNING * * *
You feel very sick. The scorpion barely misses you.
You hit the scorpion but do no damage.
You squeeze the scorpion, but do no damage.
The scorpion is moderately wounded.
You constrict the scorpion, but do no damage.
* * * LOW HITPOINT WARNING * * *
You feel sick. The scorpion misses you.
You feel better.
You constrict the scorpion, but do no damage.
The scorpion stings you!
* * * LOW HITPOINT WARNING * * *
You hit the scorpion but do no damage. You squeeze the scorpion.
The scorpion is heavily wounded.
You constrict the scorpion, but do no damage.
The scorpion stings you.
* * * LOW HITPOINT WARNING * * *
You are lethally poisoned!
The scorpion poisons you!
You hit the scorpion but do no damage.
You squeeze the scorpion, but do no damage.
The scorpion is heavily wounded.
You constrict the scorpion.
* * * LOW HITPOINT WARNING * * *
You feel sick. The scorpion stings you.
* * * LOW HITPOINT WARNING * * *
You are more poisoned.
The scorpion poisons you!
It was a potion of degeneration.
There was something very wrong with that liquid.
You feel weakened.
You feel dopey.
You feel clumsy.
You constrict the scorpion.
You die...

##########
#########........##
#..†.....@##...#..##
#........#sK#.#....#
#.....<..#Sl..#..#
#.........#....##..#
#............>.....#
##..####..##....#..#
#.... #..#..#....#.#
#.... #.....#.#..#
#.... ......#...##..


You could see a scorpion, an iguana, a ball python and a kobold.

Vanquished Creatures
  Jessica (D:2)
  A merfolk siren (Sewer)
  A merfolk avatar (Sewer)
  A hound skeleton (D:3)
  4 gnolls (D:3)
  4 adders
  A river rat (Sewer)
  A worm (D:3)
  5 dart slugs
  10 ball pythons
  9 endoplasms
  7 giant cockroaches
  2 goblins
  7 hobgoblins
  3 jackals (D:1)
  8 kobolds
  5 quokkas
  9 bats
  13 frilled lizards
  20 rats
112 creatures vanquished.

Notes
Turn   | Place    | Note
-------+----------+-------------------------------------------
     0 | D:1      | erker the Octopode Earth Elementalist began the quest for
                  | the Orb.
     0 | D:1      | Reached XP level 1. HP: 11/11 MP: 3/3
   421 | D:1      | Reached XP level 2. HP: 11/17 MP: 5/5
   706 | D:1      | Reached skill level 1 in Short Blades
  1091 | D:1      | Reached XP level 3. HP: 21/21 MP: 6/6
  1983 | D:2      | Reached XP level 4. HP: 26/27 MP: 7/7
  2159 | D:2      | Noticed Jessica
  2168 | D:2      | Killed Jessica
  2505 | D:3      | Reached XP level 5. HP: 10/31 MP: 6/8
  2539 | D:3      | Found a glowing drain.
  2647 | Sewer    | Entered a sewer
  3119 | Sewer    | Noticed a malarious merfolk avatar
  3135 | Sewer    | Killed a malarious merfolk avatar
  3393 | D:3      | Reached XP level 6. HP: 30/36 MP: 7/9
  3592 | D:3      | Found a faded altar of an unknown god.
  3776 | D:4      | Found a staircase to the Ecumenical Temple.
  3801 | D:4      | HP: 1/36 [scorpion (1)]
  3802 | D:4      | Succumbed to a scorpion's poison

Illustrated notes

Levels and vault maps discovered:
D:1:      dpeg_arrival_central, layout_loops_ring, chequers_decorated_corner,
          minmay_pentomino_v4
D:2:      layout_rooms, kennysheep_jessica_study
D:3:      layout_rooms, basic_ecumenical_altar, cheibrodos_sewer_entry_drain
D:4:      layout_rooms, tso_altar, minmay_temple_entry_mini_moons,
          roderic_roman_lattice, nicolae_elevator_lobby_plus

Skill      XL: |  1  2  3  4  5 |
---------------+----------------+-----
Stealth        | 3 4 |  4.0
Short Blades   | 1 2 |  2.0
Earth Magic    | 4 |  4.5
Transmutations | 2 4 |  4.0
Dodging        | |  2.0
Spellcasting   | |  2.0

Action                   |  1- 3 |  4- 6 || total
-------------------------+-------+-------++-------
Melee: Unarmed           |    17 |       ||    17
       Tentacles         |    15 |    14 ||    29
       Constrict         |    13 |    18 ||    31
       Short sword       |    33 |       ||    33
       Dagger            |    36 |    86 ||   122
       Punch             |       |     1 ||     1
Throw: Dart              |       |    13 ||    13
 Cast: Sandblast         |     7 |    31 ||    38
  Use: Potion            |       |     3 ||     3
 Stab: Sleeping          |    18 |    24 ||    42
Armor: Skin              |     2 |     6 ||     8
Dodge: Dodged            |    45 |    40 ||    85
